 Dungeon Crawl Stone Soup version 0.31-a0-986-g5e6e4ef867 (webtiles) character file.

Game seed: 15864371809995817091

48 Iich the Ruffian (level 3, -5/28 HPs)
             Began as a Gnoll Shapeshifter on Nov 24, 2023.
             Slain by a gnoll
             ... wielding a +0 halberd
              (10 damage)
             ... on level 2 of the Dungeon.
             The game lasted 00:05:22 (2235 turns).

Iich the Ruffian (Gnoll Shapeshifter)               Turns: 2235, Time: 00:05:22

Health: -5/28      AC:  3    Str: 15    XL:     3   Next: 72%
Magic:  4/4        EV: 12    Int:  9    God:
Gold:   114        SH:  0    Dex: 11    Spells: 4/4 levels left

rFire   . .          .
                       - Unarmed
rCold   . . .        (no shield)
rNeg    . . .        j - +0 leather armour
rPois   .            (helmet currently unavailable)
rElec   .            (cloak currently unavailable)
rCorr   .            (gloves currently unavailable)
SInv    .            (boots currently unavailable)
Will    .....        (no amulet)
Stlth   +            (no ring)
HPRegen 0.24/turn    (no ring)
MPRegen 0.09/turn

%: no passive effects
@: beast-form, hasted, very quick
A: beast (slay +3), fangs 1, strong nose, distributed training
a: Begin Untransformation


You were on level 2 of the Dungeon.
You were a hulking beast.
You visited 1 branch of the dungeon, and saw 3 of its levels.

You collected 114 gold pieces.

Inventory:

Hand Weapons
 g - a +0 short sword
Armour
 a - a +0 animal skin
 j - a +0 leather armour (worn)
Talismans
 c - a beast talisman (active)
 d - a flux talisman
Scrolls
 e - a scroll of enchant armour
 f - a scroll of noise
 h - 2 scrolls of revelation
 i - a scroll of teleportation {unknown}
 m - a scroll of amnesia {unknown}
Potions
 l - a potion of heal wounds


   Skills:
 + Level 2.6 Fighting
 + Level 1.0 Short Blades
 + Level 1.0 Long Blades
 + Level 1.0 Axes
 + Level 1.0 Maces & Flails
 + Level 1.0 Polearms
 + Level 1.0 Staves
 + Level 1.0 Ranged Weapons
 + Level 1.0 Throwing
 + Level 1.0 Armour
 + Level 4.6 Dodging
 + Level 1.0 Stealth
 + Level 1.0 Shields
 + Level 6.5 Unarmed Combat
 + Level 1.0 Spellcasting
 + Level 0.7 Conjurations
 + Level 0.7 Hexes
 + Level 0.7 Summonings
 + Level 0.7 Necromancy
 + Level 0.7 Translocations
 + Level 0.7 Transmutations
 + Level 0.7 Fire Magic
 + Level 0.7 Ice Magic
 + Level 0.7 Air Magic
 + Level 0.7 Earth Magic
 + Level 0.7 Poison Magic
 + Level 1.0 Invocations
 + Level 1.0 Evocations
 + Level 6.5 Shapeshifting


You had 4 spell levels left.
You didn't know any spells.
Your spell library contained the following spells:

 Spells                   Type           Power      Damage    Failure   Level
 Slow                     Hex            4%         N/A       34%         1
 Confusing Touch          Hex            1%         N/A       71%         3
 Sigil of Binding         Hex            1%         N/A       71%         3
 Summon Guardian Golem    Hex/Summ       1%         N/A       71%         3
 Vampiric Draining        Necr           1%         2d6       71%         3
 Orb of Destruction       Conj           0%         9d5       100%        7
 Spellforged Servitor     Conj/Summ      0%         N/A       100%        7


Dungeon Overview and Level Annotations

Branches:
Dungeon (3/15)

Altars:


Innate Abilities, Weirdness & Mutations

You are a hulking beast.
Your limbs bulge with bestial killing power. (Slay +3)
You have very sharp teeth.
Your uncanny sense of smell can sniff out nearby items.
Your experience applies equally to all skills.


Message History

* * * LOW HITPOINT WARNING * * *
You now have 24/42 hp.
You feel better. The gnoll hits you but does no damage.
You regained 9 hp, and now have 33/42 hp.
It was a potion of haste.
You feel yourself speed up. The gnoll hits you but does no damage.
You cannot move.
You cannot move.
The gnoll barely misses you. The gnoll completely misses you.
The gnoll hits you but does no damage.
Your transformation is almost over.
The gnoll barely misses you.
The gnoll hits you from afar with a +0 halberd!
* * * LOW HITPOINT WARNING * * *
You take 9 damage, and have 26/42 hp. !!!!--MASSIVE DAMAGE--!!!!
The gnoll hits you but does no damage. The gnoll hits you but does no damage.
The gnoll hits you but does no damage.
The gnoll hits you from afar with a +0 halberd.
* * * LOW HITPOINT WARNING * * *
You take 3 damage, and have 24/42 hp.
The gnoll hits you but does no damage.
The gnoll hits you from afar with a +0 halberd.
* * * LOW HITPOINT WARNING * * *
You take 3 damage, and have 21/42 hp.
The gnoll hits you but does no damage.
The gnoll hits you from afar with a +0 halberd.
* * * LOW HITPOINT WARNING * * *
You take 3 damage, and have 19/42 hp.
You feel less wooden.
Your +0 leather armour unmelds from your body.
You turn into a hulking beast.
You now have 13/28 hp.
The gnoll hits you from afar with a +0 halberd!
* * * LOW HITPOINT WARNING * * *
You take 8 damage, and have 5/28 hp. !!!!--MASSIVE DAMAGE--!!!!
The gnoll attacks as it pursues you!
The gnoll hits you from afar with a +0 halberd!
You die...

##...#######.###.#.####.........#
##..# #.......# ##..†....## ##.#
####.#### ##.....## #.# #.#
##...## #.# #g# ##'## #.# #.# #.#
#.# #g# ######.# ..# ##.##
#......##### ###
##.#h#####.###.......
#.###......# #....##.
##.#.#####.###....... ##.##
#......##... ### ###...<...#.
###....... #..####. #..####.
#.....<.


You could see 2 gnolls.

Vanquished Creatures
  A gnoll (D:3)
  2 dart slugs (D:2)
  A bat (D:1)
  4 endoplasms (D:1)
  A giant cockroach (D:2)
  2 hobgoblins
  A quokka (D:2)
  5 ball pythons (D:1)
  2 frilled lizards (D:1)
  4 goblins
  6 kobolds (D:1)
  3 rats (D:1)
32 creatures vanquished.

Notes
Turn   | Place    | Note
-------+----------+-------------------------------------------
     0 | D:1      | Iich the Gnoll Shapeshifter began the quest for the Orb.
     0 | D:1      | Reached XP level 1. HP: 17/17 MP: 1/1
   135 | D:1      | Reached XP level 2. HP: 19/23 MP: 2/2
   531 | D:1      | Reached XP level 3. HP: 27/28 MP: 3/3
  1613 | D:3      | Reached skill level 1 in Invocations
  2023 | D:2      | Reached skill level 1 in Short Blades
  2023 | D:2      | Reached skill level 1 in Long Blades
  2023 | D:2      | Reached skill level 1 in Axes
  2023 | D:2      | Reached skill level 1 in Maces & Flails
  2023 | D:2      | Reached skill level 1 in Polearms
  2023 | D:2      | Reached skill level 1 in Staves
  2023 | D:2      | Reached skill level 1 in Ranged Weapons
  2023 | D:2      | Reached skill level 1 in Throwing
  2023 | D:2      | Reached skill level 1 in Armour
  2023 | D:2      | Reached skill level 1 in Stealth
  2023 | D:2      | Reached skill level 1 in Shields
  2023 | D:2      | Reached skill level 1 in Spellcasting
  2023 | D:2      | Reached skill level 1 in Evocations
  2235 | D:2      | Slain by a gnoll

Illustrated notes

Levels and vault maps discovered:
D:1:      psy_arrival_terrarium, layout_loops_ring, grunt_decor_cap
D:2:      layout_loops_corners, uniq_terence
D:3:      layout_loops_corners, nicolae_overflow_ecumenical_swirl,
          gammafunk_ghost_necromancy, grunt_decor_resistance, uniq_natasha

Skill      XL: |  1  2  3 |
---------------+----------+-----
Invocations    | 1 |  1.0
Short Blades   | 1 |  1.0
Long Blades    | 1 |  1.0
Axes           | 1 |  1.0
Maces & Flails | 1 |  1.0
Polearms       | 1 |  1.0
Staves         | 1 |  1.0
Ranged Weapons | 1 |  1.0
Throwing       | 1 |  1.0
Armour         | 1 |  1.0
Stealth        | 1 |  1.0
Shields        | 1 |  1.0
Spellcasting   | 1 |  1.0
Evocations     | 1 |  1.0
Fighting       | |  2.6
Dodging        | |  4.6
Unarmed Combat | |  6.5
Conjurations   | |  0.7
Hexes          | |  0.7
Summonings     | |  0.7
Necromancy     | |  0.7
Translocations | |  0.7
Transmutations | |  0.7
Fire Magic     | |  0.7
Ice Magic      | |  0.7
Air Magic      | |  0.7
Earth Magic    | |  0.7
Poison Magic   | |  0.7
Shapeshifting  | |  6.5

Action                     || total
---------------------------++-------
  Melee: Unarmed           ||    65
         Punch             ||     2
         Bite              ||     3
    Use: Potion            ||     6
         Scroll            ||     3
   Stab: Sleeping          ||     2
 Armour: Animal skin       ||    16
         Leather armour    ||    19
         Skin              ||    13
  Dodge: Dodged            ||    39
   Form: Beast             ||     2
                           ||     1

Table legend: (Time is in decaauts)
 A = Elapsed time spent in this place.
 B = Non-inter-level travel time spent in this place.
 C = Inter-level travel time spent in this place.
 D = Time resting spent in this place.
 E = Time spent auto-exploring this place.
 F = Levels seen in this place.
 G = Mean time per level.
                   A        B        C        D        E       F      G
               +--------+--------+--------+--------+--------+-----+--------+
         Total |   2221 |   2118 |    103 |    686 |   1011 |   3 |  740.3 |
       Dungeon |   2221 |   2118 |    103 |    686 |   1011 |   3 |  740.3 |
               +--------+--------+--------+--------+--------+-----+--------+

Top non-repeatable levels by time:
     D:1: 939 daAuts
     D:3: 808 daAuts
     D:2: 474 daAuts
